 Dungeon Crawl Stone Soup version 0.28.0 (webtiles) character file.

Game seed: 4060780605965539764

821 Morbidden the Conjurer (level 7, -9/39 HPs)
             Began as a Deep Elf Conjurer on Feb 10, 2022.
             Mangled by Duvessa (14 damage)
             ... on level 5 of the Dungeon.
             The game lasted 00:05:25 (3901 turns).

Morbidden the Conjurer (Deep Elf Conjurer)          Turns: 3901, Time: 00:05:25

Health: -9/39      AC:  3    Str:  4    XL:     7   Next: 63%
Magic:  19/19      EV: 13    Int: 25    God:
Gold:   276        SH:  0    Dex: 13    Spells: 12/19 levels left

rFire   . . .      SeeInvis .   m - +2 short sword (venom)
rCold   . . .      Faith    .   (no shield)
rNeg    . . .      Spirit   .   a - +0 robe
rPois   .          Reflect  .   q - +0 helmet
rElec   .          Harm     .   (no cloak)
rCorr   .          Rampage  .   (no gloves)
Will    .....                   (no boots)
Stlth   ++........              j - amulet of magic regeneration
HPRegen 0.13/turn               (no ring)
MPRegen 0.56/turn               (no ring)

@: flying, hasted, very quick
A: no striking features
a: no special abilities


You were on level 5 of the Dungeon.
You visited 1 branch of the dungeon, and saw 5 of its levels.

You collected 276 gold pieces.

Inventory:

Hand Weapons
 m - a +2 short sword of venom (weapon)
 u - a +0 dagger of flaming
Armour
 a - a +0 robe (worn)
 q - a +0 helmet (worn)
Jewellery
 j - an amulet of magic regeneration (around neck)
 A - a ring of resist corrosion
Wands
 o - a wand of acid (12)
Scrolls
 b - a scroll of fear {unknown}
 d - 4 scrolls of teleportation {unknown}
 e - a scroll of torment {unknown}
 g - a scroll of amnesia {unknown}
 n - a scroll of summoning {unknown}
 p - a scroll of blinking {unknown}
 r - a scroll of holy word {unknown}
 s - a scroll of acquirement {unknown}
 w - a scroll of vulnerability {unknown}
 x - a scroll of enchant armour {unknown}
 y - 7 scrolls of identify {unknown}
 z - 2 scrolls of fog {unknown}
 D - a scroll of magic mapping {unknown}
Potions
 c - a potion of berserk rage {unknown}
 f - 3 potions of curing
 h - a potion of ambrosia {unknown}
 i - a potion of cancellation {unknown}
 k - a potion of might {unknown}
 l - a potion of flight
 t - 2 potions of haste
 v - a potion of mutation {unknown}
 B - 2 potions of degeneration {unknown}
 C - a potion of brilliance {unknown}


   Skills:
 * Level 1.9 Fighting
 + Level 0.5 Short Blades
 * Level 4.1 Dodging
 + Level 3.3 Stealth
 * Level 6.7 Spellcasting
 * Level 7.2 Conjurations
 * Level 2.1 Translocations


You had 12 spell levels left.
You knew the following spells:

 Your Spells              Type           Power      Damage    Failure   Level
a - Magic Dart            Conj           100%       1d8       1%          1
b - Searing Ray           Conj           88%        2d7       1%          2
c - Iskenderun's Mystic   Conj/Tloc      31%        2d8       10%         4

Your spell library contained the following spells:

 Spells                   Type           Power      Damage    Failure   Level
 Dazzling Flash           Conj/Hex       52%        N/A       4%          3
 Fulminant Prism          Conj/Hex       13%        3d9       16%         4


Dungeon Overview and Level Annotations

Branches:
Dungeon (5/15)
 Temple: D:4-7

Altars:
Elyvilon
Kikubaaqudgha
Uskayaw

Annotations:
D:5 Dowan, Duvessa


Message History

You finish channelling your searing ray.
Duvessa closely misses you.
Unknown command.
Unknown command.
Unknown command.
You barely miss Duvessa.
Duvessa is heavily wounded.
Duvessa closely misses you. Duvessa hits you with a +0 rapier!
Unknown command.
Unknown command.
You hit Duvessa but do no damage.
Duvessa is heavily wounded.
Duvessa says, "When magic and the sword combine, nothing stands against them."
Duvessa hits you with a +0 rapier!
Unknown command.
You hit Duvessa.
Duvessa is poisoned.
Duvessa is heavily wounded.
Dowan mumbles some strange words.
Dowan blinks!
Duvessa hits you with a +0 rapier.
Unknown command.
Unknown command.
You open the door. Duvessa hits you with a +0 rapier!
* * * LOW HITPOINT WARNING * * *
Unknown command.
There is an open door here.
Unknown command.
It was a potion of curing.
You feel better.
Unknown command.
Unknown command.
It was a potion of flight.
You feel very buoyant.
You fly up into the air.
Duvessa barely misses you.
Unknown command.
Dowan casts a spell at you. The puff of frost hits you.
* * * LOW HITPOINT WARNING * * *
Duvessa barely misses you.
It was a potion of haste.
You feel yourself speed up. Duvessa hits you with a +0 rapier!
You die...

..#.....#####
............#
............# #..(..#
#e....# #.e...######## .
##'####......# ####
...####.####......##.##.#
...........'.e@.....>##.#
.........###.e....##.##.#
#######..###......##.##.#
# #..............##.# ##
##.#######.#.####.# .#
#.# #.#.####.# .# #.#
#........# .# #.#
#.#.##...# ## #.#
#.#.##.###


You could see Duvessa (poisoned) and Dowan.

Vanquished Creatures
  An ogre (D:4)
  A black bear (D:5)
  A kobold brigand (D:5)
  Blork the orc (D:5)
  A scorpion (D:5)
  A wyvern skeleton (D:5)
  A bullfrog skeleton (D:5)
  A hound (D:5)
  A bullfrog zombie (D:5)
  A gnoll shaman (D:4)
  An orc priest (D:4)
  An iguana (D:5)
  2 orc wizards
  5 gnolls (D:4)
  4 adders
  2 adder skeletons (D:4)
  An adder zombie (D:5)
  2 worms
  2 dart slugs (D:2)
  8 orcs
  9 endoplasms
  5 giant cockroaches
  4 goblins
  9 hobgoblins
  6 jackals
  A quokka (D:3)
  2 ball pythons
  A bat (D:3)
  A frilled lizard (D:2)
  5 kobolds
  2 rats
83 creatures vanquished.

Notes
Turn   | Place    | Note
-------+----------+-------------------------------------------
     0 | D:1      | Morbidden the Deep Elf Conjurer began the quest for the
                  | Orb.
     0 | D:1      | Reached XP level 1. HP: 10/10 MP: 6/6
   213 | D:1      | Reached XP level 2. HP: 15/15 MP: 4/8
  1060 | D:2      | Reached skill level 5 in Conjurations
  1192 | D:2      | Learned a level 2 spell: Searing Ray
  1194 | D:2      | Reached XP level 3. HP: 19/19 MP: 3/9
  1309 | D:2      | Found a hide-covered altar of Uskayaw.
  1843 | D:3      | Reached XP level 4. HP: 24/24 MP: 3/11
  1945 | D:3      | Found a faded altar of an unknown god.
  2197 | D:3      | Found an ancient bone altar of Kikubaaqudgha.
  2710 | D:4      | Found a white marble altar of Elyvilon.
  2719 | D:4      | Reached XP level 5. HP: 28/28 MP: 6/13
  2726 | D:4      | Reached skill level 1 in Fighting
  2726 | D:4      | Reached skill level 6 in Conjurations
  2786 | D:4      | Noticed an ogre
  2795 | D:4      | Killed an ogre
  2796 | D:4      | Reached skill level 5 in Spellcasting
  2796 | D:4      | Reached XP level 6. HP: 34/34 MP: 8/15
  2893 | D:4      | Learned a level 4 spell: Iskenderun's Mystic Blast
  2962 | D:4      | Reached skill level 1 in Translocations
  3266 | D:5      | Entered Level 5 of the Dungeon
  3422 | D:5      | Reached XP level 7. HP: 38/38 MP: 13/17
  3527 | D:5      | Reached skill level 7 in Conjurations
  3709 | D:5      | Noticed Blork the orc
  3719 | D:5      | Killed Blork the orc
  3877 | D:5      | Noticed Duvessa
  3877 | D:5      | Noticed Dowan
  3901 | D:5      | Mangled by Duvessa

Illustrated notes

Levels and vault maps discovered:
D:1:      dpeg_arrival_windows_large_door, layout_basic, grunt_decor_resistance,
          corexii_corridor_pit
D:2:      layout_rooms, basic_altar
D:3:      layout_basic, lemuel_round_altar, ebering_ecumenical_altar_box
D:4:      layout_loops_ring, elyvilon_altar_5, serial_glass, glass_columns_b,
          glass_columns_a
D:5:      kennysheep_six_static_rooms, layout_basic, minmay_temple_entry_trees,
          serial_rivers, chequers_serial_rivers_micro_a,
          chequers_serial_rivers_micro_c, chequers_serial_rivers_marsh,
          chequers_serial_rivers_small_a, uniq_blork_the_orc, uniq_duvessa,
          uniq_edmund

Skill      XL: |  1  2  3  4  5  6  7 |
---------------+----------------------+-----
Conjurations   | 5 6 7 |  7.2
Dodging        | 3 4 |  4.1
Spellcasting   | 4 5 6 |  6.7
Fighting       | 1 |  1.9
Stealth        | 3 |  3.3
Translocations | 1 2 |  2.1
Short Blades   | |  0.5

Action                   |  1- 3 |  4- 6 |  7- 9 || total
-------------------------+-------+-------+-------++-------
Melee: Short sword       |     7 |    10 |     3 ||    20
 Cast: Magic Dart        |    57 |    95 |    13 ||   165
       Searing Ray       |       |    10 |     9 ||    19
  Use: Potion            |       |       |     3 ||     3
 Stab: Sleeping          |       |     1 |       ||     1
Armor: Robe              |       |     3 |     1 ||     4
Dodge: Dodged            |     9 |    18 |     8 ||    35
